 Dungeon Crawl Stone Soup version 0.17.1-2-g5865329 (webtiles) character file.

58 Stagor the Magician (level 3, 0/26 HPs)
             Began as a Draconian Wizard on Feb 6, 2016.
             Slain by an adder (3 damage)
             ... on level 3 of the Dungeon.
             The game lasted 00:19:08 (3012 turns).

Stagor the Magician (Draconian Wizard)              Turns: 3012, Time: 00:19:10

Health: 0/26       AC:  5    Str:  9    XL:     3   Next: 75%
Magic:  1/8        EV: 12    Int: 19    God:
Gold:   126        SH:  0    Dex:  9    Spells: 3 memorised, 3 levels left

rFire  . . .     SeeInvis .     c - staff of conjuration
rCold  . . .     Clarity  .     (armour unavailable)
rNeg   . . .     SustAt   .     (no shield)
rPois  .         Gourm    .     a - +0 hat
rElec  .         Spirit   .     (no cloak)
rCorr  .         Warding  .     (no gloves)
rMut   .         Stasis   .     (no boots)
MR     .....                    (no amulet)
Stlth  ++........               (no ring)
                                (no ring)

@: lethally poisoned (0 -> -8), very slightly contaminated, not resistant to
hostile enchantments, unstealthy
A: unfitting armour, cold-blooded, AC +5
a: no special abilities


You were on level 3 of the Dungeon.
You were not hungry.

You visited 1 branch of the dungeon, and saw 3 of its levels.

You collected 126 gold pieces.

Inventory:

Hand Weapons
 h - a +0 short sword
Armour
 a - a +0 hat (worn)
Magical Staves
 c - an uncursed staff of conjuration (weapon)
Scrolls
 e - a scroll of amnesia {unknown}
 g - a scroll of immolation {unknown}
 j - a scroll of identify {unknown}
Potions
 d - a potion of resistance {unknown}
 f - a potion of magic {unknown}
 k - 2 potions of mutation {unknown}
Books
 b - a book of Minor Magic

   Spells                             Type                      Level
   a - Magic Dart                     Conjuration                  1
   b - Blink                          Translocation                2
   c - Call Imp                       Summoning                    2
   d - Repel Missiles                 Charms/Air                   2
   e - Slow                           Hexes                        2
   f - Conjure Flame                  Conjuration/Fire             3
   g - Mephitic Cloud                 Conjuration/Poison/Air       3


   Skills:
 - Level 2.1 Dodging
 - Level 1.9 Stealth
 * Level 3.9 Spellcasting
 * Level 1.9 Conjurations
   Level 1.0 Summonings
   Level 1.0 Translocations


You had 3 spell levels left.
You knew the following spells:

 Your Spells              Type           Power        Failure   Level  Hunger
a - Magic Dart            Conj           ###.         10%         1    None
b - Slow                  Hex            #.......     24%         2    ##.....
c - Conjure Flame         Conj/Fire      ##......     34%         3    ###....


Dungeon Overview and Level Annotations

Branches:
Dungeon (3/15)

Altars:
Gozag
Qazlal

Annotations:
D:3 pipel's ghost, weakling MiGl


Innate Abilities, Weirdness & Mutations

Your plain brown scales are hard (AC +5).
Your body does not fit into most forms of armour.
You are cold-blooded and may be slowed by cold attacks.


Message History

Confirm with . or Enter, or press ? or * to list all spells.
Aiming: Magic Dart
Press: ? - help, Shift-Dir - straight line, f/p - adder
Aim: an adder (lightly wounded)
You feel a surge of power!
The magic dart hits the adder.
The adder is heavily wounded.
* * * LOW HITPOINT WARNING * * *
You feel sick. The adder closely misses you.
Casting: Magic Dart
Confirm with . or Enter, or press ? or * to list all spells.
Aiming: Magic Dart
Press: ? - help, Shift-Dir - straight line, f/p - adder
Aim: an adder (heavily wounded)
You feel a surge of power!
The magic dart hits the adder.
The adder is almost dead.
* * * LOW HITPOINT WARNING * * *
You feel sick. The adder bites you.
* * * LOW HITPOINT WARNING * * *
The adder bites you.
You die...

### ..##(# #..
..# #.##.# #.#
#.####.##.##
#.#
#.#........†
#.#
#.#.###.#...
#.#
#.#.###.....
#.#
#.....######
##.#####.....#
#.@S..##.....#
#)###.##....##
#.# #.......#
#.# #..####.#
#.# #.......#
#.# ##.######
#.####.#
#......#
########


You could see an adder.

Vanquished Creatures
  2 adders (D:2)
  2 worms
  3 giant cockroaches (D:1)
  6 hobgoblins
  6 kobolds
  2 quokkas
  4 bats
  A giant gecko zombie (D:3)
  3 goblins
  8 rats
37 creatures vanquished.

Notes
Turn   | Place    | Note
--------------------------------------------------------------
     0 | D:1      | Stagor the Draconian Wizard began the quest for the Orb.
     0 | D:1      | Reached XP level 1. HP: 14/14 MP: 4/4
   734 | D:1      | Reached XP level 2. HP: 20/20 MP: 4/6
   738 | D:1      | Learned a level 2 spell: Slow
  1729 | D:2      | Found an opulent altar of Gozag.
  1748 | D:2      | Reached XP level 3. HP: 26/26 MP: 0/8
  1833 | D:2      | Learned a level 3 spell: Conjure Flame
  1980 | D:2      | Found a stormy altar of Qazlal.
  2390 | D:3      | Noticed pipel's ghost (weakling MiGl)
  3012 | D:3      | Slain by an adder

Action                   || total
-------------------------++-------
Melee: Unarmed           ||    98
       Short sword       ||    23
 Cast: Magic Dart        ||   109
       Slow              ||     1
       Conjure Flame     ||     2
  Eat: Bread ration      ||     1
       Meat ration       ||     1
